 Dungeon Crawl Stone Soup version 0.30-a0-1059-g7dea3e163d (webtiles) character file.

Game seed: 13070493698013006199

229 MacCMillion the Shooter (level 5, -5/41 HPs)
             Began as a Demigod Hunter on Apr 12, 2023.
             Slain by an ogre
             ... wielding a +0 giant spiked club
              (27 damage)
             ... on level 4 of the Dungeon.
             The game lasted 00:04:47 (3125 turns).

MacCMillion the Shooter (Demigod Hunter)            Turns: 3125, Time: 00:04:47

Health: -5/41      AC:  5    Str: 12    XL:     5   Next: 43%
Magic:  7/7        EV: 12    Int: 11    God:
Gold:   193        SH:  0    Dex: 21    Spells: 4/4 levels left

rFire   . . .      SeeInvis .    a - +0 shortbow
rCold   . . .      Faith    .    (shield currently unavailable)
rNeg    . . .      Spirit   .    c - +0 leather armour
rPois   .          Reflect  .    (no helmet)
rElec   .          Rampage  .    (no cloak)
rCorr   .                        n - +0 pair of gloves
Will    .....                    q - +0 pair of boots
Stlth   ++                       (no amulet)
HPRegen 0.26/turn                (no ring)
MPRegen 0.10/turn                (no ring)

@: no status effects
A: high MP 1, forlorn, divine attributes
a: no special abilities


You were on level 4 of the Dungeon.
You visited 1 branch of the dungeon, and saw 4 of its levels.

You collected 193 gold pieces.

Inventory:

Hand Weapons
 a - a +0 shortbow (weapon)
Armour
 c - a +0 leather armour (worn)
 n - a +0 pair of gloves (worn)
 q - a +0 pair of boots (worn)
Jewellery
 l - a +6 ring of dexterity
Scrolls
 b - 2 scrolls of immolation
 d - a scroll of magic mapping {unknown}
 e - a scroll of blinking {unknown}
 g - 2 scrolls of identify {unknown}
 i - 2 scrolls of amnesia {unknown}
 j - a scroll of enchant weapon {unknown}
 o - a scroll of acquirement {unknown}
 r - a scroll of noise {unknown}
 s - a scroll of poison {unknown}
 u - a scroll of brand weapon {unknown}
Potions
 f - a potion of flight {unknown}
 h - 2 potions of lignification {unknown}
 k - 2 potions of might {unknown}
 m - a potion of degeneration {unknown}
 p - a potion of curing {unknown}
 t - 2 potions of haste {unknown}


   Skills:
 - Level 1.7 Fighting
 + Level 6.2 Ranged Weapons
 - Level 1.7 Dodging
 - Level 2.0 Stealth


You had 4 spell levels left.
You didn't know any spells.
Your spell library contained the following spells:

 Spells                   Type           Power      Damage    Failure   Level
 Summon Guardian Golem    Hex/Summ       0%         N/A       80%         3
 Vhi's Electric Charge    Tloc/Air       0%         N/A       80%         3
 Arcjolt                  Conj/Air       0%         1d10      100%        5
 Plasma Beam              Fire/Air       0%         2x1d11    100%        6
 Orb of Destruction       Conj           0%         9d5       100%        7
 Spellforged Servitor     Conj/Summ      0%         N/A       100%        7
 Maxwell's Capacitive Co  Air            0%         ∞         100%        8


Dungeon Overview and Level Annotations

Branches:
Dungeon (4/15)
 Temple: D:4-7

Annotations:
D:2 Terence
D:4 Eustachio


Innate Abilities, Weirdness & Mutations

You have an increased reservoir of magic. (+10% MP)
You shall have no god before yourself.
Your divine heritage dramatically boosts your attributes as you level up.


Message History

The dart slug launches a dart at you. The slug dart misses you.
You shoot an arrow. The arrow hits the dart slug.
The dart slug is lightly wounded.
The dart slug launches a dart at you. The slug dart misses you.
You shoot an arrow. The arrow hits the dart slug.
The dart slug is severely wounded.
You shoot an arrow. The arrow hits the dart slug.
The dart slug is severely wounded.
You shoot an arrow. The arrow hits the dart slug.
The dart slug is almost dead.
The dart slug launches a dart at you. The slug dart hits you.
You shoot an arrow. The arrow hits the dart slug!
You kill the dart slug!
No target in view!
You now have 193 gold pieces (gained 12).
You see here a dart slug corpse.
An ogre comes into view. It is wielding a +0 giant spiked club.
No target in view!
You shoot an arrow. The arrow hits the ogre.
The ogre shouts!
The ogre is lightly wounded.
You shoot an arrow. The arrow barely misses the ogre.
Unknown command.
You shoot an arrow. The arrow hits the ogre.
The ogre is lightly wounded.
You shoot an arrow. The arrow hits the ogre.
The ogre is moderately wounded.
You shoot an arrow. The arrow hits the ogre!
The ogre is heavily wounded.
You shoot an arrow. The arrow closely misses the ogre.
The ogre closely misses you.
You shoot an arrow. The arrow barely misses the ogre.
The ogre hits you with a +0 giant spiked club!!
You shoot an arrow. The arrow barely misses the ogre.
The ogre hits you with a +0 giant spiked club!!
Ouch! That really hurt!
You die...

........................(.......#
###.........................###..
##..........................##.
#...........................##
#...........................#
......................##
.......................#
......................##
......O@..............##
.....................###
...................####. ..
....#......†............ ..#
........................ ..#
##......####............ ..#
#.....## ##########... ....#
##...# #... ..... ....# #...


You could see an ogre.

Vanquished Creatures
  A bullfrog (D:3)
  Robin (D:3)
  4 adders
  A gnoll (D:1)
  An ufetubus (D:4)
  A worm (D:2)
  2 dart slugs
  5 orcs
  7 ball pythons
  5 bats
  8 endoplasms
  5 giant cockroaches (D:1)
  11 hobgoblins
  3 jackals (D:3)
  4 quokkas
  2 frilled lizards
  11 goblins
  6 kobolds
  5 rats
83 creatures vanquished.

Notes
Turn   | Place    | Note
-------+----------+-------------------------------------------
     0 | D:1      | MacCMillion the Demigod Hunter began the quest for the Orb.
     0 | D:1      | Reached XP level 1. HP: 17/17 MP: 3/3
    11 | D:1      | Reached skill level 1 in Stealth
   189 | D:1      | Reached XP level 2. HP: 24/24 MP: 4/4
   340 | D:1      | Reached skill level 4 in Ranged Weapons
   451 | D:1      | Reached XP level 3. HP: 29/29 MP: 5/5
  1267 | D:2      | Noticed Terence
  1725 | D:3      | Reached XP level 4. HP: 31/36 MP: 6/6
  1730 | D:3      | Reached skill level 5 in Ranged Weapons
  1753 | D:3      | Noticed a bullfrog
  1773 | D:3      | Killed a bullfrog
  2018 | D:3      | Noticed Robin
  2036 | D:3      | Reached XP level 5. HP: 41/41 MP: 7/7
  2041 | D:3      | Killed Robin
  2615 | D:4      | Reached skill level 6 in Ranged Weapons
  2808 | D:4      | Noticed Eustachio
  3110 | D:4      | Noticed an ogre
  3125 | D:4      | Slain by an ogre

Illustrated notes

Levels and vault maps discovered:
D:1:      mrwooster_arrival_statue_2, layout_loops_corners
D:2:      layout_basic, minmay_misc_feat_ornament, uniq_terence
D:3:      layout_basic, nicolae_titane, uniq_robin
D:4:      layout_layer_cave, chei_slow_surprise,
          mainiacjoe_overflow_six_doors_small, mainiacjoe_overflow_tiny_flanked,
          kennysheep_nondescript, uniq_eustachio, uniq_crazy_yiuf_cottage

Skill      XL: |  1  2  3  4  5 |
---------------+----------------+-----
Stealth        | 1 2 |  2.0
Ranged Weapons | 4 5 6 |  6.2
Fighting       | |  1.7
Dodging        | |  1.7

Action                     |  1- 3 |  4- 6 || total
---------------------------+-------+-------++-------
   Fire: Shortbow          |   123 |   109 ||   232
 Armour: Leather armour    |     9 |    15 ||    24
  Dodge: Dodged            |    22 |    43 ||    65

Table legend: (Time is in decaauts)
 A = Elapsed time spent in this place.
 B = Non-inter-level travel time spent in this place.
 C = Inter-level travel time spent in this place.
 D = Time resting spent in this place.
 E = Time spent auto-exploring this place.
 F = Levels seen in this place.
 G = Mean time per level.
                   A        B        C        D        E       F      G
               +--------+--------+--------+--------+--------+-----+--------+
         Total |   3192 |   3063 |    129 |    217 |   2361 |   4 |  798.0 |
       Dungeon |   3192 |   3063 |    129 |    217 |   2361 |   4 |  798.0 |
               +--------+--------+--------+--------+--------+-----+--------+

Top non-repeatable levels by time:
     D:3: 1145 daAuts
     D:1: 939 daAuts
     D:2: 681 daAuts
     D:4: 426 daAuts
